 Dungeon Crawl Stone Soup version 0.28-a0-751-gef3a642a4e (webtiles) character file.

Game seed: 2933592442021697078

168511 dolemite99 the Peltast (level 17, -4/188 HPs)
             Began as a Troll Fighter on Oct 31, 2021.
             Was a High Priest of Ashenzari.
             Slain by an entropy weaver (6 damage)
             ... on level 1 of the Spider Nest.
             The game lasted 01:07:14 (35704 turns).

dolemite99 the Peltast (Troll Fighter)             Turns: 35704, Time: 01:07:15

Health: -4/188     AC:  7    Str: 31    XL:     17   Next: 33%
Magic:  16/16      EV: 13    Int:  5    God:    Ashenzari [*****.]
Gold:   2532       SH: 23    Dex: 10    Spells: 16/16 levels left

rFire   . . .      SeeInvis +     - Unarmed
rCold   . . .      Faith    .   v - +1 tower shield "Cursed Irritation" {rN+, Range, Elem} (curse)
rNeg    + . .      Spirit   .   A - +1 steam dragon scales of the Unyielding Gaze {Evo, Alch} (curse)
rPois   +          Reflect  +   R - +2 hat of the Eternal Oblivion {SInv, Self, Melee} (curse)
rElec   +          Harm     .   H - +0 cloak "Frustration of the Sky" {Elem, Cun} (curse)
rCorr   +          Rampage  .   (gloves unavailable)
Will    +....      Clarity  +   (boots unavailable)
Stlth   +.........              T - amulet of Ashenzari's Sybil {Reflect SH+5, Elem, Bglg} (curse)
HPRegen 1.41/turn               e - ring "Chained With Me" {AC+4, Comp, Cun} (curse)
MPRegen 0.15/turn               c - ring of Fadupaoz {rElec rPois rCorr}

@: about to teleport, corroded
A: large, unfitting armour, claws 3, regeneration 1, shaggy fur 1, tough skin 1
a: Renounce Religion, Curse Item, Shatter the Chains


You were on level 1 of the Spider Nest.
You worshipped Ashenzari.
Ashenzari was extremely pleased with you.
You visited 6 branches of the dungeon, and saw 30 of its levels.

You collected 3581 gold pieces.
You spent 1049 gold pieces at shops.

Inventory:

Missiles
 a - 4 throwing nets (quivered)
 g - 876 stones
 n - 24 atropa-tipped darts
 r - 8 poisoned darts
 t - 164 bolts
 x - 93 sling bullets
 z - 16 large rocks
 G - a silver javelin
Armour
 h - a +0 plate armour of poison resistance
 s - a +0 tower shield
 v - the cursed +1 tower shield "Cursed Irritation" (worn) {rN+, Range, Elem}
   (You acquired it on level 5 of the Dungeon)

   It has a curse which improves the following skills: Ranged Combat: Slings,
   Bows, Crossbows and Throwing.
   Elements:  Fire Magic, Ice Magic, Air Magic and Earth Magic.
 A - the cursed +1 steam dragon scales of the Unyielding Gaze (worn) {Evo, Alch}
   (You found it on level 7 of the Dungeon)

   It has a curse which improves the following skills: Evocations: Evocations.
   Alchemy:   Poison Magic and Transmutations.
 H - the cursed +0 cloak "Frustration of the Sky" (worn) {Elem, Cun}
   (You found it on level 9 of the Dungeon)

   It has a curse which improves the following skills: Elements: Fire Magic, Ice
   Magic, Air Magic and Earth Magic.
   Cunning:   Dodging and Stealth.
 R - the cursed +2 hat of the Eternal Oblivion (worn) {SInv, Self, Melee}
   (You took it off Gastronok on level 3 of the Lair of Beasts)

   It has a curse which improves the following skills: Introspection: Fighting
   and Spellcasting.
   Melee Combat: Short Blades, Long Blades, Axes, Maces & Flails, Polearms,
   Staves and Unarmed Combat.
Jewellery
 c - the ring of Fadupaoz (right claw) {rElec rPois rCorr}
   (You took it off a gnoll shaman on level 5 of the Dungeon)

   [ring of resist corrosion]

   rElec:     It insulates you from electricity.
   rPois:     It protects you from poison.
   rCorr:     It protects you from acid and corrosion.
 e - the cursed ring "Chained With Me" (left claw) {AC+4, Comp, Cun}
   (You found it on level 1 of the Dungeon)

   [ring of protection]

   AC:        It affects your AC (+4).
   It has a curse which improves the following skills: Companions: Summonings
   and Necromancy.
   Cunning:   Dodging and Stealth.
 u - a +6 ring of dexterity
 w - a +6 ring of intelligence
 y - a ring of wizardry
 D - a ring of protection from cold
 O - a ring of ice
 T - the cursed amulet of Ashenzari's Sybil (around neck) {Reflect SH+5, Elem, Bglg}
   (You bought it in a shop on level 2 of the Orcish Mines)

   [amulet of reflection]

   It reflects blocked missile attacks.
   SH:        It affects your SH (+5).
   It has a curse which improves the following skills: Elements: Fire Magic, Ice
   Magic, Air Magic and Earth Magic.
   Beguiling: Conjurations, Hexes and Translocations.
 V - a +6 ring of dexterity
 Y - a +6 ring of dexterity
Wands
 b - a wand of polymorph (8)
 E - a wand of digging (3)
 I - a wand of paralysis (11)
 N - a wand of flame (74)
Scrolls
 d - 10 scrolls of teleportation
 f - 7 scrolls of silence
 m - 4 scrolls of noise
 o - 6 scrolls of vulnerability
 C - 2 scrolls of blinking
 L - 3 scrolls of fog
 M - a scroll of magic mapping
 P - 3 scrolls of enchant weapon
 S - 4 scrolls of enchant armour
 W - a scroll of amnesia
Potions
 i - 2 potions of cancellation
 j - 7 potions of curing
 k - 4 potions of berserk rage
 l - 3 potions of magic
 q - 2 potions of brilliance
 F - a potion of heal wounds
 J - a potion of ambrosia
 Q - 4 potions of lignification
 X - a potion of haste
 Z - a potion of might
Miscellaneous
 p - a condenser vane
 B - a tin of tremorstones (inert)
 K - a phantom mirror (inert)


   Skills:
 - Level 13.8(16.4) Fighting
 + Level 10.6(13.3) Throwing
 - Level 8.5(12.7) Dodging
 - Level 15.0 Shields
 + Level 13.1(15.7) Unarmed Combat
 + Level 8.2(11.0) Evocations


You had 16 spell levels left.
You didn't know any spells.
Your spell library contained the following spells:

 Spells                   Type           Power      Damage    Failure   Level
 Pain                     Necr           0%         1d4       41%         1
 Sting                    Tmut/Pois      0%         1d3       41%         1
 Scorch                   Fire           0%         2d5       50%         2
 Ensorcelled Hibernation  Hex/Ice        0%         N/A       52%         2
 Poisonous Vapours        Pois/Air       0%         N/A       52%         2
 Frozen Ramparts          Ice            0%         1d2       75%         3
 Ozocubu's Armour         Ice            0%         N/A       75%         3
 Dazzling Flash           Conj/Hex       0%         N/A       80%         3
 Gell's Gravitas          Tloc           0%         N/A       80%         3
 Spider Form              Tmut/Pois      0%         N/A       80%         3
 Teleport Other           Tloc           0%         N/A       80%         3
 Flame Wave               Conj/Fire      0%         3d3       99%         4
 Ice Form                 Ice/Tmut       0%         N/A       99%         4
 Olgreb's Toxic Radiance  Pois           0%         N/A       99%         4
 Summon Ice Beast         Ice/Summ       0%         N/A       99%         4
 Agony                    Necr           0%         N/A       100%        5
 Excruciating Wounds      Necr           0%         N/A       100%        5
 Metabolic Englaciation   Hex/Ice        0%         N/A       100%        5
 Silence                  Hex/Air        0%         N/A       100%        5
 Summon Forest            Summ/Tloc      0%         N/A       100%        5
 Dispersal                Tloc           0%         N/A       100%        6
 Eringya's Noxious Bog    Tmut/Pois      0%         N/A       100%        6
 Simulacrum               Ice/Necr       0%         N/A       100%        6
 Summon Cactus Giant      Summ           0%         N/A       100%        6
 Summon Hydra             Summ           0%         N/A       100%        7


Dungeon Overview and Level Annotations

Branches:
Dungeon (15/15)            Temple (1/1) D:6            Lair (6/6) D:11
  Swamp (4/4) Lair:3       Spider (2/4) Lair:3        Slime (0/5) Lair:5
    Orc (2/2) D:9             Elf (0/3) Orc:2        Vaults (0/5) D:14
 Depths (0/4) D:15

Altars:
Ashenzari
Cheibriados
Dithmenos
Elyvilon
Fedhas
Gozag
Hepliaklqana
Kikubaaqudgha
Makhleb
Nemelex Xobeh
Okawaru
Qazlal
Ru
Sif Muna
Trog
Uskayaw
Vehumet
Wu Jian
Xom
Yredelemnul
Zin
The Shining One
Beogh
Jiyva

Shops:
D:10 *   D:12 (:?   Orc:2 [(?=(

Annotations:
D:11 exclusion: downstairs
D:12 Rupert
D:15 2 runed translucent doors, Sapheram's ghost, journeyman DsGl
Lair:5 exclusion: oklob plant
Swamp:1 exclusion: downstairs


Innate Abilities, Weirdness & Mutations

You are too large for most types of armour.
You have claws for hands.
Your natural rate of healing is unusually fast.
You are covered in fur. (AC +1)
You have tough skin. (AC +1)


Message History

The entropy weaver hits you. The entropy weaver hits you!
The entropy weaver hits you. The redback closely misses you.
The redback bites you! x2
* * * LOW HITPOINT WARNING * * *
The wolf spider hits you but does no damage.
The wolf spider bites you but does no damage.
You closely miss the redback.
You feel very sick. You block the entropy weaver's attack.
The entropy weaver hits you.
* * * LOW HITPOINT WARNING * * *
The entropy weaver hits you!
* * * LOW HITPOINT WARNING * * *
The entropy weaver misses you. You block the redback's attack.
The redback bites you but does no damage.
You block the redback's attack. The wolf spider hits you!
* * * LOW HITPOINT WARNING * * *
The wolf spider bites you but does no damage.
You feel better. You block the redback's attack. The redback barely misses you.
The entropy weaver casts a spell at you.
You block the redback's attack. The wolf spider hits you!
* * * LOW HITPOINT WARNING * * *
You block the wolf spider's attack.
You feel much better. You block the redback's attack.
The redback bites you but does no damage.
The redback bites you.
* * * LOW HITPOINT WARNING * * *
You block the wolf spider's attack. The wolf spider bites you!
* * * LOW HITPOINT WARNING * * *
The entropy weaver hits you!
* * * LOW HITPOINT WARNING * * *
The entropy weaver hits you.
* * * LOW HITPOINT WARNING * * *
The entropy weaver closely misses you. You block the entropy weaver's attack.
The redback bites you!
* * * LOW HITPOINT WARNING * * *
The redback bites you!
* * * LOW HITPOINT WARNING * * *
You block the redback's attack. The wolf spider barely misses you. x2
The entropy weaver hits you.
You die...

##.....### ###########
#..#...################
###...##..##############.
####.......#####..######.
###.#.##..#####..#...#...
###....##^.##..#....^...≈
####<.^#...#...#...#.#.≈≈
###....##B#...####^....≈≈
###..###@s...........#.≈≈
#..#..sss####......#.#≈≈
#......#....^##.......≈≈
#....#.#..#......####..≈
##..#..#...##...######..
##.........##..#######.
##########....##.^..########.
#..########.#..........# ####
##...#######...#..##..>^#
####


You could see an entropy weaver, a wolf spider and 3 redbacks.

Vanquished Creatures
  Mlioglotl (Swamp:2)
  Gastronok (Lair:3)
  A thorn hunter (Swamp:2)
  Kirke (D:12)
  Louise (Swamp:2)
  3 emperor scorpions (Spider:1)
  3 ghouls
  An ironbound preserver (D:14)
  Azrael (Orc:1)
  An entropy weaver (Spider:1)
  5 bunyips
  4 eleionomae
  A fire dragon (Lair:6)
  Fannar (D:11)
  Josephine (D:12)
  7 boulder beetles
  2 ghost crabs
  8 centaur warriors
  4 ogre magi (Orc:2)
  An anaconda (shapeshifter) (D:14)
  8 hydras
  A catoblepas (Lair:6)
  3 alligators
  19 two-headed ogres
  7 death yaks
  A vampire mage (D:15)
  Urug (D:10)
  2 skeletal warriors
  A titan skeleton (D:15)
  A spark wasp zombie (D:15)
  2 goliath frogs
  4 bog bodies
  7 spriggan druids
  3 swamp dragons
  3 lindwurms (Lair:6)
  A necromancer (D:15)
  3 orc knights
  6 orb spiders
  A stone giant zombie (D:15)
  4 wolf spiders
  3 ugly things
  2 orc sorcerers (Orc:1)
  4 will-o-the-wisps
  3 manticores
  7 cyclopes
  21 elephants
  A frost giant skeleton (D:15)
  8 black mambas
  9 torpor snails
  A black mamba (shapeshifter) (D:15)
  14 cane toads
  2 gargoyles
  Psyche (D:10)
  An unseen horror (D:11)
  3 swamp worm zombies (Swamp:4)
  11 demonic crawlers
  3 rime drakes
  10 komodo dragons
  2 tengu conjurers
  6 polar bears
  10 jumping spiders
  6 trolls
  3 jumping spiders (shapeshifter)
  13 tyrant leeches
  18 hornets
  4 slime creatures (D:14)
  24 blink frogs
  5 dream sheep
  2 alligator zombies (Swamp:4)
  15 redbacks
  A shadow (D:11)
  A spriggan (shapeshifter) (D:14)
  3 wyverns
  12 spriggans
  58 yaks
  Grum (D:10)
  7 basilisks
  3 fire elementals (Orc:1)
  6 wraiths (D:12)
  7 tarantellas
  5 hogs (D:12)
  2 vampires
  A steam dragon (D:7)
  18 vampire mosquitoes
  Edmund (D:6)
  2 wargs (Orc:1)
  An acid dragon (D:8)
  A warg (shapeshifter) (D:13)
  20 swamp worms
  12 water moccasins
  5 hell hounds
  2 swamp drakes
  A hornet zombie (D:9)
  19 orc warriors
  4 sky beasts
  A black bear (shapeshifter) (D:14)
  4 black bears
  8 centaurs
  33 wolves
  27 ogres
  2 phantoms (D:5)
  A kobold brigand (D:7)
  13 bullfrogs
  2 gnoll sergeants
  4 scorpions (D:5)
  A water moccasin skeleton (D:5)
  20 killer bees
  4 howler monkeys
  3 electric eels
  A lava snake (Orc:1)
  3 centaur zombies
  7 jellies
  A bullfrog skeleton (D:5)
  9 orc priests
  4 hounds
  A centaur skeleton (D:7)
  6 gnoll shamans
  4 iguanas
  16 orc wizards
  2 hound zombies (D:3)
  A howler monkey zombie (D:9)
  33 gnolls
  5 adders
  A shadow imp (D:5)
  A white imp (D:7)
  An adder zombie (D:5)
  An adder skeleton (D:4)
  3 dart slugs
  85 orcs
  6 ball pythons
  6 endoplasms
  4 giant cockroaches
  9 goblins
  10 hobgoblins
  3 jackals (D:1)
  10 kobolds
  4 quokkas
  A ball python zombie (D:3)
  3 bats
  6 frilled lizards
  A giant cockroach zombie (D:3)
  5 rats
907 creatures vanquished.

Vanquished Creatures (collateral kills)
  Nikola (Swamp:2)
  A hydra (Lair:6)
  2 death yaks (Lair:6)
  A goliath frog (Swamp:2)
  A bog body (Swamp:2)
  A will-o-the-wisp (Swamp:2)
  A rime drake (Lair:6)
  A jumping spider (Spider:1)
  A vampire mosquito (Swamp:2)
  A swamp worm (Swamp:3)
11 creatures vanquished.

Vanquished Creatures (others)
  A ghost moth (Spider:1)
  A two-headed ogre (D:12)
  A bloated husk (Swamp:1)
  3 trolls (D:12)
  A hornet (Swamp:4)
  A human (D:12)
  A centaur (D:12)
  2 orcs
  34 foxfires
  35 fungi
  63 plants
  3 withered plants (D:15)
146 creatures vanquished.

Grand Total: 1064 creatures vanquished

Notes
Turn   | Place    | Note
-------+----------+-------------------------------------------
     0 | D:1      | dolemite99 the Troll Fighter began the quest for the Orb.
     0 | D:1      | Reached XP level 1. HP: 22/22 MP: 0/0
    76 | D:1      | Reached XP level 2. HP: 29/29 MP: 1/1
   259 | D:1      | Found a faded altar of an unknown god.
   272 | D:1      | Prayed at the altar of an unknown god.
   272 | D:1      | Became a worshipper of Ashenzari the Shackled
   656 | D:1      | Reached XP level 3. HP: 36/36 MP: 2/2
  1310 | D:2      | Found a basalt altar of Yredelemnul.
  1436 | D:2      | You fall into a shaft and drop 2 floors!
  1619 | D:4      | Reached skill level 3 in Shields
  1619 | D:4      | Reached XP level 4. HP: 34/45 MP: 3/3
  1733 | D:4      | Reached XP level 5. HP: 53/53 MP: 4/4
  1783 | D:3      | You fall into a shaft and drop 3 floors!
  1851 | D:5      | Entered Level 5 of the Dungeon
  1879 | D:5      | Noticed a black bear
  1890 | D:5      | Killed a black bear
  1891 | D:5      | Reached XP level 6. HP: 38/62 MP: 5/5
  2208 | D:4      | Reached * piety under Ashenzari
  2284 | D:4      | Reached skill level 4 in Shields
  2900 | D:3      | Found a white marble altar of Elyvilon.
  2956 | D:3      | Found a large runed translucent door.
  2958 | D:3      | Found a large runed translucent door.
  3021 | D:3      | Reached ** piety under Ashenzari
  3228 | D:3      | Found a basalt altar of Yredelemnul.
  3233 | D:3      | Reached XP level 7. HP: 70/70 MP: 6/6
  3639 | D:3      | Found a glowing golden altar of the Shining One.
  3647 | D:3      | Found a stormy altar of Qazlal.
  3835 | D:5      | Reached skill level 5 in Unarmed Combat
  3994 | D:5      | Reached skill level 5 in Fighting
  3994 | D:5      | Reached skill level 5 in Shields
  3994 | D:5      | Reached XP level 8. HP: 37/80 MP: 7/7
  4329 | D:5      | Identified the ring of Fadupaoz {rElec rPois rCorr}
  4541 | D:5      | Identified a scroll of acquirement
  4558 | D:5      | Acquired a +0 tower shield of positive energy
  4611 | D:5      | Reached skill level 6 in Shields
  4655 | D:5      | Reached XP level 9. HP: 89/89 MP: 8/8
  4847 | D:6      | Found an iron altar of Okawaru.
  4848 | D:6      | Found an ancient bone altar of Kikubaaqudgha.
  4851 | D:6      | Found a radiant altar of Vehumet.
  4918 | D:6      | Found a staircase to the Ecumenical Temple.
  4927 | Temple   | Entered the Ecumenical Temple
  5171 | D:6      | Noticed Edmund
  5188 | D:6      | Killed Edmund
  5877 | D:7      | Identified the +3 ring mail of Dogmatism {rPois}
  6033 | D:7      | Reached skill level 7 in Shields
  6292 | D:7      | Paralysed by a gnoll for 7 turns
  6740 | D:7      | Identified the +0 leather armour "Gecwo" {Fly Will+ Str+4}
  6851 | D:8      | Reached skill level 1 in Evocations
  6975 | D:8      | Reached XP level 10. HP: 90/102 MP: 9/9
  7668 | D:9      | Reached skill level 1 in Throwing
  7856 | D:9      | Paralysed by a hornet for 2 turns
  8209 | D:9      | Reached *** piety under Ashenzari
  8877 | D:9      | Found a staircase to the Orcish Mines.
  9038 | D:10     | Entered Level 10 of the Dungeon
  9384 | D:9      | Reached skill level 8 in Shields
  9564 | D:10     | Noticed Urug
  9565 | D:10     | Noticed Psyche
  9583 | D:10     | Killed Urug
  9588 | D:10     | Killed Psyche
  9589 | D:10     | Reached XP level 11. HP: 93/113 MP: 10/10
  9612 | D:10     | Identified the cursed +0 cloak "Frustration of the Sky"
                  | {Elem, Cun} (You found it on level 9 of the Dungeon)
  9612 | D:10     | Identified the cursed +1 steam dragon scales of the
                  | Unyielding Gaze {Evo, Alch} (You found it on level 7 of the
                  | Dungeon)
  9612 | D:10     | Identified the cursed ring "Chained With Me" {AC+4, Comp,
                  | Cun} (You found it on level 1 of the Dungeon)
 10137 | D:10     | Found Xoobihe's Assorted Antiques.
 10141 | D:10     | Bought a scroll labelled FOBAUSAROG for 25 gold pieces
 10141 | D:10     | Bought a scroll labelled QASUSCH GO DOA for 25 gold pieces
 10141 | D:10     | Noticed a boulder beetle
 10152 | D:10     | Killed a boulder beetle
 10155 | D:10     | Bought a silvery potion for 22 gold pieces
 10459 | D:11     | Reached skill level 5 in Throwing
 10544 | D:11     | Noticed a two-headed ogre
 10552 | D:11     | Killed a two-headed ogre
 10559 | D:10     | Reached skill level 9 in Shields
 10706 | D:11     | Noticed Grum
 10717 | D:10     | Killed Grum
 11293 | D:11     | Noticed Fannar
 11308 | D:11     | Killed Fannar
 11529 | D:11     | Found a staircase to the Lair.
 11729 | Lair:1   | Entered Level 1 of the Lair of Beasts
 11738 | Lair:1   | Noticed a boulder beetle
 11747 | Lair:1   | Killed a boulder beetle
 11816 | Lair:1   | Reached XP level 12. HP: 120/126 MP: 11/11
 12103 | Lair:1   | Reached skill level 10 in Fighting
 12103 | Lair:1   | Reached skill level 10 in Shields
 13620 | Lair:3   | Noticed a death yak
 13620 | Lair:3   | Noticed a death yak
 13620 | Lair:3   | Noticed a death yak
 13620 | Lair:3   | Noticed a death yak
 13620 | Lair:3   | Noticed a death yak
 13622 | Lair:3   | Noticed a death yak
 13737 | Lair:2   | Killed a death yak
 14110 | Lair:3   | Noticed Gastronok
 14171 | Lair:3   | Found a hole to the Spider Nest.
 14556 | Lair:2   | Killed a death yak
 14557 | Lair:2   | Reached skill level 11 in Shields
 14557 | Lair:2   | Reached XP level 13. HP: 133/137 MP: 12/12
 14973 | Lair:3   | Killed Gastronok
 14997 | Lair:3   | Reached **** piety under Ashenzari
 15286 | Lair:3   | Found the +9 heavy crossbow "Sniper" {vorpal, Acc+∞ SInv}
 15536 | Lair:3   | Found a staircase to the Swamp.
 15786 | Lair:4   | Reached skill level 5 in Evocations
 16356 | Lair:4   | Reached skill level 10 in Unarmed Combat
 17337 | Lair:5   | Found a viscous altar of Jiyva.
 17340 | Lair:5   | Found a staircase to the Slime Pits.
 17430 | Lair:5   | Found a blossoming altar of Fedhas.
 17879 | Lair:6   | Entered Level 6 of the Lair of Beasts
 18159 | Lair:6   | Reached XP level 14. HP: 146/156 MP: 13/13
 18432 | Lair:6   | Found a runed translucent door.
 18677 | Lair:6   | Reached skill level 12 in Shields
 19621 | Lair:6   | Paralysed by a hornet for 3 turns
 19806 | Lair:6   | Reached ***** piety under Ashenzari
 20226 | Orc:1    | Entered Level 1 of the Orcish Mines
 20270 | Orc:1    | Paralysed by an orc sorcerer for 5 turns
 20903 | Orc:2    | Entered Level 2 of the Orcish Mines
 20952 | Orc:2    | Noticed Azrael
 20961 | Orc:1    | Killed Azrael
 21530 | Orc:2    | Found Rerua's Weapon Emporium.
 22362 | Orc:1    | Reached XP level 15. HP: 120/167 MP: 14/14
 23310 | Orc:2    | Found a staircase to the Elven Halls.
 23500 | Orc:2    | Paralysed by an ogre mage for 2 turns
 23637 | Orc:2    | Found Eluinaps's Weapon Shoppe.
 23637 | Orc:2    | Found Xusixzal's Jewellery Boutique.
 23638 | Orc:2    | Found Viqeod's Antique Armour Shop.
 23638 | Orc:2    | Found Guwnowoj's Magic Scroll Shoppe.
 23695 | Orc:2    | Bought a scroll of enchant armour for 97 gold pieces
 23695 | Orc:2    | Bought a scroll of magic mapping for 45 gold pieces
 23695 | Orc:2    | Bought a scroll of summoning for 123 gold pieces
 23695 | Orc:2    | Bought a scroll of teleportation for 39 gold pieces
 23695 | Orc:2    | Bought a scroll of fog for 26 gold pieces
 23695 | Orc:2    | Bought a scroll of fog for 26 gold pieces
 23766 | Orc:2    | Bought an amulet of reflection for 450 gold pieces
 23820 | Orc:2    | Reached skill level 13 in Shields
 24716 | D:12     | Noticed Kirke
 24775 | D:12     | Killed Kirke
 24775 | D:12     | Identified the cursed +2 hat of the Eternal Oblivion {SInv,
                  | Self, Melee} (You took it off Gastronok on level 3 of the
                  | Lair of Beasts)
 24977 | D:12     | Noticed Rupert
 25103 | D:12     | Found Aschidud's Magic Scroll Shoppe.
 25114 | D:12     | Bought a scroll of fog for 36 gold pieces
 25114 | D:12     | Bought a scroll of silence for 135 gold pieces
 25167 | D:12     | Noticed Josephine
 25170 | D:12     | Killed Josephine
 25190 | D:12     | Found Aheonaethri's Book Shop.
 25208 | D:12     | Found a shimmering altar of Xom.
 25442 | D:12     | Found Kofoc's Antique Weapon Shoppe.
 26660 | D:14     | Found an ornate altar of the Wu Jian Council.
 26763 | D:15     | Entered Level 15 of the Dungeon
 27118 | D:14     | Found a gate to the Vaults.
 27404 | D:15     | Found a staircase to the Depths.
 27409 | D:15     | Noticed Sapheram's ghost (journeyman DsGl)
 27410 | D:15     | Noticed a lich
 27814 | D:15     | Found a runed translucent door.
 27815 | D:15     | Found a runed translucent door.
 27852 | D:15     | Noticed a tengu reaver
 27916 | D:15     | Reached XP level 16. HP: 179/179 MP: 15/15
 28003 | D:15     | Reached skill level 10 in Throwing
 28166 | D:15     | Found an opulent altar of Gozag.
 28881 | Swamp:1  | Entered Level 1 of the Swamp
 29095 | Swamp:1  | Identified the +7 ring mail "Deaf Evy" {rCorr MP+9 Str+2}
 29647 | Swamp:2  | Reached skill level 14 in Shields
 30031 | Spider:1 | Entered Level 1 of the Spider Nest
 30897 | Spider:1 | Identified the +2 leather armour of Kugekox Xylo {Rampage
                  | Stlth+}
 31118 | Spider:1 | Reached skill level 15 in Shields
 31704 | Swamp:2  | Noticed Louise
 31853 | Swamp:2  | Noticed a thorn hunter
 31864 | Swamp:2  | Killed a thorn hunter
 31910 | Swamp:2  | Noticed Nikola
 31921 | Swamp:2  | Reached skill level 5 in Dodging
 31925 | Swamp:2  | Killed Nikola
 32055 | Swamp:2  | Noticed Mlioglotl
 32068 | Swamp:2  | Killed Mlioglotl
 32316 | Swamp:2  | Killed Louise
 33189 | Swamp:3  | Reached XP level 17. HP: 100/187 MP: 16/16
 34477 | Swamp:4  | Entered Level 4 of the Swamp
 35558 | Swamp:4  | Noticed a bone dragon
 35704 | Spider:1 | HP: 9/188 [redback (11)]
 35704 | Spider:1 | HP: 2/188 [redback (7)]
 35704 | Spider:1 | Slain by an entropy weaver

Illustrated notes

Levels and vault maps discovered:
D:1:      elethiomel_arrival_quiet, layout_basic,
          hellmonk_ecumenical_altar_dog_temple
D:2:      layout_loops_ring, basic_altar
D:3:      layout_loops_ring, nicolae_yredelemnul_corpse_copse,
          jmf_multi_god_temple2, elyvilon_altar_1
D:4:      layout_basic
D:5:      kennysheep_windowed_halls, layout_basic, minmay_joined_circles
D:6:      layout_loops_ring, gammafunk_temple_overflow_forgotten,
          minmay_temple_entry_gardened_gates, lemuel_flame_loot_1, uniq_edmund
D:7:      layout_loops_cross, minivault_25
D:8:      layout_cave_pools, kennysheep_generic_room_14
D:9:      layout_loops_ring, orc_0_dummy, special_room [special_room_orc]
D:10:     layout_loops_cross, serial_shops, shop, grunt_decor_cap, uniq_psyche,
          uniq_urug
D:11:     layout_loops_ring, lair_entry_dummy, uniq_fannar, uniq_grum
D:12:     layout_roguey, serial_shops, nicolae_shop_statue_plus, shop,
          nicolae_shop_overgrown_old_shop, xom_confusion_cloud, uniq_josephine,
          uniq_rupert, uniq_kirke
D:13:     layout_cave_pods
D:14:     layout_rooms, skrybe_vaults_entry_preservation,
          nzn_wu_jian_contemplation
D:15:     gammafunk_depths_entry_grave, layout_stronghold,
          minmay_misc_feat_hallway, muffindrake_ghost_dual_entry,
          grunt_gozag_statues
Temple:   regret_index_temple_generic_petals
Lair:1:   layout_hall_layers, enter_volcano_4, minmay_holes,
          nzn_sisyphean_effort, grunt_megastairs_1
Lair:2:   layout_chaotic_city, infiniplex_staircase_pool_2, serial_bayou_shore_a
Lair:3:   beast_lair_carwin_large_2, layout_chaotic_city,
          nicolae_swamp_entry_splash_gauntlet, spider_nest_entry_a,
          uniq_gastronok
Lair:4:   layout_long_grid, minmay_stone_trees_small, infiniplex_staircase_pool,
          lemuel_fruit_fields, grunt_megastairs_2
Lair:5:   layout_loops_ring, slime_altar_1, tgw_fedhas
Lair:6:   hangedman_lair_in_review, layout_regular_city, wormcave
Swamp:1:  layout_basic_swamp, nicolae_swamp_fairy_circle, swamp_pool4
Swamp:2:  layout_basic_swamp, hangedman_swamp_ruin_hall, uniq_mlioglotl,
          uniq_nikola, uniq_louise
Swamp:3:  layout_basic_swamp, nicolae_swamp_dense_foliage
Swamp:4:  swamp_pestilence, layout_basic_swamp
Spider:1: layout_spider_delve, worms_lemuel
Spider:2: layout_spider_delve
Orc:1:    layout_caves, nicolae_orc_lava_tube, mines2_lemuel
Orc:2:    st_orc_ogre_mass, layout_caves, basic_altar, serial_shops, shop,
          abandoned_shop, statue_in_the_mist_lemuel, uniq_azrael

Skill      XL: |  1  2  3  4  5  6  7  8  9 10 11 12 13 14 15 16 17 |
---------------+----------------------------------------------------+-----
Unarmed Combat | 3 4 5 7 8 9 10 12 13 | 13.1
Fighting       | 3 4 5 6 7 8 9 11 12 13 | 13.8
Shields        | 3 4 5 6 7 8 9 11 12 13 15 | 15.0
Evocations     | 1 3 5 7 8 |  8.2
Throwing       | 4 6 8 9 10 | 10.6
Dodging        | 7 8 |  8.5

Action                   |  1- 3 |  4- 6 |  7- 9 | 10-12 | 13-15 | 16-18 || total
-------------------------+-------+-------+-------+-------+-------+-------++-------
Melee: Unarmed           |   100 |   130 |   290 |   701 |  1087 |   551 ||  2859
Throw: Stone             |    11 |     8 |       |       |       |       ||    19
       Dart              |       |    14 |   111 |   146 |   102 |       ||   373
       Boomerang         |       |       |       |    27 |       |       ||    27
       Javelin           |       |       |       |    13 |    48 |    10 ||    71
       Throwing net      |       |       |       |     2 |       |     2 ||     4
       Large rock        |       |       |       |       |    52 |    88 ||   140
Invok: Curse Item        |     1 |     2 |     1 |     2 |     3 |       ||     9
       Shatter the Chain |       |       |     1 |     1 |     1 |       ||     3
Evoke: Wand              |       |       |       |    34 |    40 |    12 ||    86
       Phantom mirror    |       |       |       |     1 |     4 |     4 ||     9
       Tin of tremorston |       |       |       |       |     6 |     6 ||    12
       Condenser vane    |       |       |       |       |       |     1 ||     1
  Use: Scroll            |       |     6 |     2 |     3 |     5 |     8 ||    24
       Potion            |       |     1 |     1 |     1 |     5 |    11 ||    19
 Stab: Sleeping          |     1 |       |       |       |       |       ||     1
       Paralysed         |       |       |       |     1 |     1 |     4 ||     6
       Held in net/web   |       |       |       |       |       |     1 ||     1
Armor: Robe              |    33 |    57 |    71 |       |       |       ||   161
       Steam dragon scal |       |       |    30 |   297 |   310 |   163 ||   800
       Skin              |       |       |       |     1 |       |       ||     1
Dodge: Dodged            |    32 |    36 |    97 |   274 |   284 |   200 ||   923
Block: Kite shield       |    37 |    68 |   108 |    51 |       |       ||   264
       Tower shield      |       |       |       |   627 |   893 |   680 ||  2200
       Reflection        |       |       |       |       |    36 |    26 ||    62

Table legend: (Time is in decaauts)
 A = Elapsed time spent in this place.
 B = Non-inter-level travel time spent in this place.
 C = Inter-level travel time spent in this place.
 D = Time resting spent in this place.
 E = Time spent auto-exploring this place.
 F = Levels seen in this place.
 G = Mean time per level.
                   A        B        C        D        E       F      G
               +--------+--------+--------+--------+--------+-----+--------+
         Total |  35789 |  33123 |   2666 |   9504 |  14567 |  30 | 1193.0 |
       Dungeon |  15883 |  14974 |    909 |   3031 |   8133 |  15 | 1058.9 |
        Temple |    222 |    197 |     25 |      0 |    194 |   1 |  222.0 |
          Lair |   9199 |   8193 |   1006 |   1919 |   3655 |   6 | 1533.2 |
         Swamp |   5221 |   4865 |    356 |   2715 |   1055 |   4 | 1305.2 |
   Spider Nest |   1291 |   1193 |     98 |    430 |    305 |   2 |  645.5 |
  Orcish Mines |   3972 |   3702 |    270 |   1409 |   1223 |   2 | 1986.0 |
               +--------+--------+--------+--------+--------+-----+--------+

Top non-repeatable levels by time:
  Lair:3: 2269 daAuts
   Orc:1: 2132 daAuts
  Lair:6: 2042 daAuts
   Orc:2: 1839 daAuts
  Lair:2: 1665 daAuts
 Swamp:2: 1640 daAuts
    D:10: 1569 daAuts
     D:9: 1518 daAuts
     D:5: 1333 daAuts
    D:11: 1326 daAuts
Spider:1: 1271 daAuts
 Swamp:1: 1263 daAuts
    D:12: 1228 daAuts
     D:7: 1197 daAuts
  Lair:1: 1171 daAuts
